 Dungeon Crawl Stone Soup version 0.16.2-12-gd0ad4c3 (webtiles) character file.

110208 faibistes the Eclecticist (level 16, -4/89 (92) HPs)
             Began as a Deep Elf Wizard on Apr 22, 2018.
             Was the Champion of Sif Muna.
             Slain by a glaive of chopping (8 damage)
             ... on level 2 of the Elven Halls on Apr 24, 2018.
             The game lasted 02:35:47 (49757 turns).

faibistes the Eclecticist (Deep Elf Wizard)        Turns: 49757, Time: 02:35:47

HP:   -4/89 (92)    AC: 13    Str:  4    XL:     16   Next: 6%
MP:   35/49         EV: 18    Int: 31    God:    Sif Muna [******]
Gold: 3170          SH:  0    Dex: 15    Spells: 11 memorised, 3 levels left

rFire  . . .     SeeInvis .     w - +8 dagger of Difaf {speed, rElec Stlth+}
rCold  . . .     Clarity  .     c - +1 robe {MR+}
rNeg   . . .     SustAb   .     (no shield)
rPois  .         Gourm    +     R - +2 hat
rElec  +         Spirit   .     P - +2 cloak {+Inv}
rCorr  .         Warding  .     t - +1 pair of gloves
rMut   .         Stasis   .     i - +2 pair of boots {Stlth+}
MR     ++...                    g - amulet of the gourmand
Stlth  ++++......               N - ring of magical power
                                y - ring of wizardry

@: slowed, deflect missiles, very slow, very resistant to hostile enchantments,
stealthy
A: agile 1
a: Channel Energy, Forget Spell, Renounce Religion, Evoke Invisibility


You were on level 2 of the Elven Halls.
You worshipped Sif Muna.
Sif Muna was exalted by your worship.
You were very full.

You visited 5 branches of the dungeon, and saw 27 of its levels.
You also visited: Bailey.

You collected 3470 gold pieces.
You spent 300 gold pieces at shops.

Inventory:

Hand weapons
 w - the +8 dagger of Difaf (weapon) {speed, rElec Stlth+}
   (You found it on level 1 of the Lair of Beasts)

   Attacks with this weapon are significantly faster.
   It insulates you from electricity.
   It makes you more stealthy.
 C - the +8 trident of the Octopus King {venom, rElec rPois MR+}
   (You found it on level 5 of the Lair of Beasts)

   It poisons the flesh of those it strikes.
   It insulates you from electricity.
   It protects you from poison.
   It affects your resistance to hostile enchantments.
 O - the +3 quarterstaff of Extermination {flame, rElec rF+}
   (You found it on level 7 of the Dungeon)

   It has been specially enchanted to burn those struck by it, causing extra
   injury to most foes and up to half again as much damage against particularly
   susceptible opponents.
   It protects you from fire.
   It insulates you from electricity.
Armour
 c - a +1 robe of magic resistance (worn)
 i - a +2 pair of boots of stealth (worn)
 t - a +1 pair of gloves (worn)
 P - a +2 cloak of invisibility (worn)
 R - a +2 hat (worn)
Magical staves
 q - a cursed staff of cold
Jewellery
 g - an amulet of the gourmand (around neck)
 y - a ring of wizardry (left hand)
 B - an uncursed ring of flight
 H - an uncursed amulet of resist mutation
 N - a ring of magical power (right hand)
Magical devices
 b - a wand of fire (6)
 f - a wand of confusion (24)
 J - a wand of teleportation (9)
 M - a wand of polymorph (9)
 Q - a wand of cold (4)
 S - a wand of teleportation (4)
 U - a wand of cold (8)
 Z - a wand of hasting (5)
Scrolls
 a - a scroll of fog
 h - 2 scrolls of enchant weapon
 k - 9 scrolls of remove curse
 s - 6 scrolls of immolation
 u - a scroll of amnesia
 A - 9 scrolls of teleportation
 D - 4 scrolls of identify
 G - 2 scrolls of enchant armour
 L - 4 scrolls of blinking
 Y - a scroll of summoning
Potions
 e - 5 potions of heal wounds
 l - 3 potions of curing
 n - 3 potions of lignification
 o - 2 potions of cancellation
 p - 2 potions of cure mutation
 v - 4 potions of restore abilities
 x - 2 potions of resistance
 z - 3 potions of haste
 E - 2 potions of invisibility
 F - 4 potions of flight
 I - 4 potions of brilliance
Books
 m - an Akashic Record This book is beyond your current level of understanding.

   Spells                             Type                      Level
   a - Dispersal                      Translocation                6
   b - Controlled Blink               Translocation                7
   c - Malign Gateway                 Summoning/Translocation      7
   d - Disjunction                    Translocation                8
   e - Singularity                    Translocation                9
Miscellaneous
 T - a phial of floods
 W - a lamp of fire
Comestibles
 d - 18 bread rations
 r - 11 meat rations


   Skills:
 + Level 7.2 Fighting
 - Level 10.0 Dodging
 - Level 2.4 Stealth
 * Level 16.0 Spellcasting
 + Level 10.6 Conjurations
 + Level 11.2 Charms
 - Level 4.2 Summonings
 + Level 9.1 Translocations
 * Level 1.9 Transmutations
 + Level 11.1 Fire Magic
 - Level 4.0 Air Magic
 * Level 9.6 Earth Magic
   Level 2.6 Poison Magic
 - Level 10.0 Invocations
 + Level 9.2 Evocations


You had 3 spell levels left.
You knew the following spells:

 Your Spells              Type           Power        Failure   Level  Hunger
a - Magic Dart            Conj           ####         1%          1    None
b - Conjure Flame         Conj/Fire      #######.     1%          3    None
c - Iskenderun's Battles  Conj/Chrm      #######.     1%          5    None
d - Blink                 Tloc           N/A          1%          2    None
e - Summon Lightning Spi  Summ/Air       ######..     1%          4    None
f - Deflect Missiles      Chrm/Air       ######....   6%          6    ##.....
g - Airstrike             Air            #####.....   1%          4    None
h - Haste                 Chrm           #######.     1%          6    ##.....
i - Stoneskin             Trmt/Erth      ######..     1%          2    None
v - Bolt of Fire          Conj/Fire      #######...   1%          6    ##.....
z - Fireball              Conj/Fire      #######...   1%          5    None


Dungeon Overview and Level Annotations

Branches:
Dungeon (12/15)            Temple (1/1) D:6            Lair (8/8) D:8
 Shoals (0/5) Lair:3        Snake (0/5) Lair:4        Slime (0/6) Lair:8
    Orc (4/4) D:11            Elf (2/3) Orc:4

Altars:
Ashenzari
Cheibriados
Dithmenos
Elyvilon
Fedhas
Gozag
Kikubaaqudgha
Makhleb
Nemelex Xobeh
Okawaru
Qazlal
Ru
Sif Muna
Trog
Vehumet
Xom
Yredelemnul
Zin
The Shining One
Beogh

Shops:
D:8 !   D:9 ?   D:10 (   Orc:4 [((*   Elf:2 :


Innate Abilities, Weirdness & Mutations

You are agile. (Dex +2)


Message History

The glaive of chopping misses you.
Casting: Magic Dart
Confirm with . or Enter, or press ? or * to list all spells.
Aiming: Airstrike
Press: ? - help, Dir - move target cursor, f - glaive of chopping
Aim: a glaive of chopping The air twists around and violently strikes the glaive of chopping!
The glaive of chopping is heavily damaged.
The glaive of chopping completely misses you.
Casting: Airstrike
Confirm with . or Enter, or press ? or * to list all spells.
Aiming: Airstrike
Press: ? - help, Dir - move target cursor, f/p - glaive of chopping
Aim: a glaive of chopping (heavily damaged)
The air twists around and violently strikes the glaive of chopping!
The glaive of chopping is severely damaged.
The glaive of chopping hits you from afar!!
* * * LOW HITPOINT WARNING * * *
x2 The glaive of chopping hits you from afar!
You die...

.... ... .................
......... ....e...... .)........
............ ..........
#............ .........##
##.....)......
..........###..............
.......(...(#................
........(....@...............
#...##...##...##)....###.....
##.####.####.#.''#''.# ## ###
#####...#
########################'''######
.......................#.).#.....
.......................#)..#.....
.....................###...###...
.....................#.......#...


You could see a deep elf knight (wandering) and a glaive of chopping.

Vanquished Creatures
  An orc warlord (Orc:2)
  Gastronok (Lair:2)
  The ghost of faibistes the Thaumaturge, a powerful DEWz of Sif Muna (Lair:8)
  2 deep elf demonologists (Elf:1)
  Snorg (Lair:7)
  A fire dragon (Lair:5)
  7 hydras
  A deep elf high priest (Elf:1)
  Erica (Lair:1)
  A deep troll shaman (Lair:8)
  4 dancing weapons (Elf:2)
  2 catoblepae
  17 death yaks
  Nergalle (Lair:6)
  4 orc high priests
  13 deep elf knights
  A death drake (shapeshifter) (Elf:2)
  An unseen horror (D:11)
  5 deep elf summoners
  7 orc knights
  3 hill giants
  7 deep elf conjurers
  5 orc sorcerers
  A cyclops (D:11)
  4 griffons
  3 oklob plants (Lair:8)
  7 elephants (Lair:8)
  A siren (Lair:3)
  8 black mambas
  2 torpor snails
  2 gargoyles
  9 spiny frogs
  2 fire drakes
  A kobold demonologist (D:11)
  7 komodo dragons
  10 deep elf priests
  A two-headed ogre (D:10)
  4 trolls
  A polar bear (Lair:8)
  A polar bear (shapeshifter) (Elf:2)
  5 slime creatures (D:11)
  A slime creature (shapeshifter) (Elf:2)
  4 blink frogs (Lair:1)
  37 yaks
  A wraith (D:11)
  27 deep elf magi
  2 basilisks
  2 wyverns
  A spriggan (D:9)
  26 deep elf fighters
  16 wolves
  7 wargs
  12 hippogriffs
  2 hungry ghosts
  2 nagas (Lair:4)
  20 water moccasins
  Edmund (D:5)
  8 porcupines
  3 sky beasts
  3 necrophages
  47 orc warriors
  6 ice beasts
  3 black bears
  2 phantoms
  19 crocodiles
  6 centaurs
  9 ogres
  A big kobold (D:7)
  Duvessa (D:5)
  20 giant frogs
  Blork the orc (D:6)
  2 wyvern zombies
  4 scorpions
  2 water moccasin skeletons
  23 killer bees
  9 wights
  5 crimson imps
  A yak skeleton (Orc:4)
  An electric eel (Lair:4)
  Dowan (D:5)
  A giant frog zombie (D:8)
  5 goliath beetles
  17 hounds
  8 jellies
  3 centaur skeletons
  A centaur zombie (D:8)
  A wasp zombie (D:7)
  Crazy Yiuf (D:2)
  40 orc priests
  3 quasits
  14 iguanas
  57 orc wizards
  A spectral orc (Lair:6)
  A hell rat (Elf:2)
  5 worker ants
  26 sheep
  Ijyb (D:6)
  4 hound skeletons
  Terence (D:2)
  A mummy (D:10)
  72 river rats
  8 gnolls
  3 shadow imps
  40 adders
  A worm (D:3)
  5 adder skeletons
  An orc zombie (Orc:4)
  A giant gecko (D:1)
  235 orcs
  11 bats
  A bat skeleton (D:5)
  5 giant cockroaches
  22 hobgoblins
  6 jackals (D:3)
  24 kobolds
  2 oozes
  14 quokkas
  2 ball pythons
  A giant gecko skeleton (D:4)
  5 giant newts
  2 giant spores
  17 goblins
  A hobgoblin zombie (D:5)
  A jackal skeleton (D:8)
  4 orc skeletons
  A quokka zombie (D:7)
  16 rats
  2 rat skeletons (Orc:4)
  2 rat zombies (D:6)
  4 ballistomycetes
  4 bushes
  A butterfly (Lair:1)
  3 crawling corpses (Elf:2)
  5 fungi
  4 plants
1211 creatures vanquished.

Vanquished Creatures (collateral kills)
  An orc knight (Orc:4)
  A deep elf fighter (Elf:1)
  An orc warrior (Orc:1)
  An orc skeleton (Orc:4)
  A big kobold (D:7)
  6 killer bees
  An iguana (D:5)
  2 orc wizards
  A gnoll (D:3)
  18 orcs
  2 goblins (Orc:1)
35 creatures vanquished.

Vanquished Creatures (others)
  A black mamba (Lair:8)
  A deep elf fighter (Elf:1)
  A lightning spire (Orc:4)
  A white imp (D:3)
  An orc (D:2)
  2 orc skeletons (Orc:4)
  A rat (D:9)
  4 rat skeletons (Orc:4)
  43 fungi
  13 plants
68 creatures vanquished.

Grand Total: 1314 creatures vanquished

Notes
Turn   | Place    | Note
--------------------------------------------------------------
     0 | D:1      | faibistes, the Deep Elf Wizard, began the quest for the Orb.
     0 | D:1      | Reached XP level 1. HP: 10/10 MP: 6/6
    84 | D:1      | Reached XP level 2. HP: 15/15 MP: 2/10
    92 | D:1      | Learned a level 2 spell: Blink
    95 | D:1      | Learned a level 2 spell: Call Imp
  1151 | D:2      | Found a shadowy altar of Dithmenos.
  1283 | D:2      | Reached XP level 3. HP: 19/19 MP: 11/13
  1288 | D:2      | Learned a level 3 spell: Conjure Flame
  1293 | D:2      | Learned a level 3 spell: Mephitic Cloud
  1429 | D:2      | Reached skill level 5 in Spellcasting
  1577 | D:2      | Noticed Crazy Yiuf
  1587 | D:2      | Killed Crazy Yiuf
  1587 | D:2      | Reached XP level 4. HP: 24/24 MP: 3/17
  1696 | D:2      | Learned a level 2 spell: Repel Missiles
  1758 | D:2      | Noticed Terence
  1773 | D:2      | Killed Terence
  2346 | D:2      | Reached skill level 6 in Spellcasting
  2347 | D:2      | Reached XP level 5. HP: 28/28 MP: 3/20
  3120 | D:3      | Found a sacrificial altar of Ru.
  3331 | D:3      | Reached XP level 6. HP: 32/32 MP: 17/22
  3348 | D:4      | Noticed an ogre
  3358 | D:3      | Found a deep blue altar of Sif Muna.
  3365 | D:3      | Became a worshipper of Sif Muna the Loreminder
  3819 | D:3      | Reached skill level 7 in Spellcasting
  3901 | D:4      | Noticed an orc warrior
  3917 | D:3      | Killed an ogre
  3917 | D:3      | Reached skill level 1 in Fire Magic
  3917 | D:3      | Reached skill level 1 in Air Magic
  4019 | D:3      | Killed an orc warrior
  4019 | D:3      | Reached XP level 7. HP: 22/36 MP: 3/25
  4263 | D:3      | Acquired Sif Muna's first power
  4825 | D:3      | Reached skill level 1 in Poison Magic
  5104 | D:5      | Entered Level 5 of the Dungeon
  5480 | D:4      | Reached skill level 5 in Conjurations
  5486 | D:4      | Learned a level 2 spell: Shroud of Golubria
  5495 | D:4      | Found an iron altar of Okawaru.
  5994 | D:4      | Reached XP level 8. HP: 26/41 MP: 9/27
  6175 | D:4      | Noticed an ogre
  6185 | D:4      | Killed an ogre
  6185 | D:4      | Acquired Sif Muna's second power
  6437 | D:4      | Noticed an ogre
  6448 | D:4      | Killed an ogre
  6574 | D:5      | Found a shattered altar of Ashenzari.
  6742 | D:5      | Reached skill level 8 in Spellcasting
  6811 | D:6      | Noticed Edmund
  6836 | D:5      | Reached skill level 5 in Dodging
  6921 | D:5      | Killed Edmund
  7099 | D:5      | Found a bloodstained altar of Trog.
  7763 | D:5      | Noticed Duvessa
  7765 | D:5      | Noticed Dowan
  7786 | D:5      | Killed Dowan
  8011 | D:5      | Killed Duvessa
  8294 | D:6      | Found a staircase to the Ecumenical Temple.
  8323 | Temple   | Entered the Ecumenical Temple
  8691 | D:6      | HP: 2/41 [orc priest/divine providence (15)]
  8907 | D:6      | Found a snail-covered altar of Cheibriados.
  8925 | D:6      | Reached XP level 9. HP: 16/45 MP: 13/29
  9510 | D:7      | Reached skill level 1 in Invocations
  9528 | D:7      | Reached skill level 9 in Spellcasting
  9544 | D:7      | Reached skill level 1 in Charms
  9726 | D:6      | Noticed Ijyb
  9935 | D:6      | Killed Ijyb
 10191 | D:6      | Found a shimmering altar of Xom.
 10192 | D:6      | Noticed Blork the orc
 10238 | D:6      | Killed Blork the orc
 10472 | D:6      | Reached skill level 1 in Fighting
 10711 | D:6      | Found an ancient bone altar of Kikubaaqudgha.
 10836 | D:7      | Acquired Sif Muna's third power
 10940 | D:7      | Reached skill level 5 in Fire Magic
 12065 | D:7      | Got a warped quarterstaff
 12066 | D:7      | Identified the +3 quarterstaff of Extermination {flame, rElec rF+} (You found it on level 7 of the Dungeon)
 12599 | D:7      | Reached skill level 10 in Spellcasting
 12599 | D:7      | Reached XP level 10. HP: 51/51 MP: 26/31
 13200 | D:9      | Found Dessorhe's Magic Scroll Shoppe.
 13203 | D:9      | Bought a scroll of blinking for 75 gold pieces
 13203 | D:9      | Bought a scroll of teleportation for 30 gold pieces
 13242 | D:9      | HP: 2/51 [black bear (1)]
 13256 | D:9      | Found a flagged portal.
 13262 | Bailey   | Entered a bailey
 13557 | Bailey   | Reached skill level 1 in Evocations
 13863 | Bailey   | Noticed an orc knight
 13884 | Bailey   | Killed an orc knight
 13891 | Bailey   | Noticed an orc knight
 13894 | Bailey   | Killed an orc knight
 13919 | Bailey   | Got a crystal glaive
 14029 | Bailey   | Identified the +3 glaive "Cliutib" {flame, +Inv rElec rPois rC-} (You found it in a bailey)
 14069 | D:10     | Entered Level 10 of the Dungeon
 14790 | D:8      | Learned a level 4 spell: Iskenderun's Mystic Blast
 14796 | D:8      | Learned a level 5 spell: Iskenderun's Battlesphere
 14800 | D:8      | Learned a level 3 spell: Dazzling Spray
 14807 | D:8      | Found a staircase to the Lair.
 15217 | D:8      | Reached skill level 5 in Invocations
 16047 | D:8      | Found a white marble altar of Elyvilon.
 16449 | D:8      | Found Qiprioptoa's Distillery.
 16461 | D:8      | Bought a potion of curing for 30 gold pieces
 16461 | D:8      | Bought a potion of restore abilities for 50 gold pieces
 16461 | D:8      | Bought a potion of poison for 10 gold pieces
 16461 | D:8      | Bought a potion of flight for 30 gold pieces
 16462 | D:8      | Bought a potion of curing for 30 gold pieces
 16518 | D:8      | Found a shattered altar of Ashenzari.
 16679 | D:8      | Learned a level 5 spell: Fireball
 16837 | Lair:1   | Entered Level 1 of the Lair of Beasts
 16893 | Lair:1   | Reached XP level 11. HP: 59/59 MP: 17/32
 17016 | Lair:1   | Got an ichor-stained dagger
 17017 | Lair:1   | Identified the +8 dagger of Difaf {speed, rElec Stlth+} (You found it on level 1 of the Lair of Beasts)
 17148 | Lair:2   | Noticed Gastronok
 17207 | Lair:2   | Killed Gastronok
 17207 | Lair:2   | Received a gift from Sif Muna
 17207 | Lair:2   | Reached skill level 11 in Spellcasting
 17208 | Lair:2   | Identified Sif Muna's Collected Works on Damaging Flight (Sif Muna gifted it to you on level 2 of the Lair of Beasts)
 17411 | Lair:2   | Reached skill level 5 in Charms
 18243 | Lair:1   | Noticed Erica
 18248 | Lair:1   | Killed Erica
 18647 | Lair:1   | Noticed a black mamba
 18650 | Lair:1   | Killed a black mamba
 18664 | Lair:1   | Noticed a five-headed hydra
 18672 | Lair:1   | Killed a five-headed hydra
 20084 | Lair:2   | Reached skill level 12 in Spellcasting
 20090 | Lair:2   | Reached XP level 12. HP: 66/66 MP: 13/34
 20563 | Lair:2   | Reached skill level 5 in Translocations
 20685 | Lair:2   | Noticed a death yak
 20688 | Lair:2   | Noticed a death yak
 20702 | Lair:2   | Killed a death yak
 20883 | Lair:2   | Noticed a death yak
 20900 | Lair:2   | Killed a death yak
 20905 | Lair:2   | Noticed a death yak
 20915 | Lair:2   | Noticed a death yak
 20917 | Lair:2   | Noticed a death yak
 20918 | Lair:2   | Killed a death yak
 20923 | Lair:2   | Killed a death yak
 20925 | Lair:2   | Killed a death yak
 20925 | Lair:2   | Received a gift from Sif Muna
 20927 | Lair:2   | Killed a death yak
 20927 | Lair:2   | Reached skill level 5 in Evocations
 20928 | Lair:2   | Identified Sif Muna's Incunabulum of Blistering Battle Magic (Sif Muna gifted it to you on level 2 of the Lair of Beasts)
 20939 | Lair:2   | Learned a level 5 spell: Bolt of Magma
 21780 | Lair:3   | Reached skill level 1 in Earth Magic
 22481 | Lair:3   | Found a staircase to the Shoals.
 23232 | Lair:4   | Found a staircase to the Snake Pit.
 23600 | Lair:4   | Reached XP level 13. HP: 72/72 MP: 17/36
 23698 | Lair:4   | Reached skill level 13 in Spellcasting
 24561 | Lair:2   | Learned a level 6 spell: Haste
 26013 | Lair:6   | Noticed Nergalle
 26017 | Lair:6   | Killed Nergalle
 26017 | Lair:6   | Received a gift from Sif Muna
 26017 | Lair:6   | Reached skill level 5 in Fighting
 26034 | Lair:6   | Identified Sif Muna's Almanac of the Entourage (Sif Muna gifted it to you on level 6 of the Lair of Beasts)
 26473 | Lair:5   | Noticed a fire dragon
 26574 | Lair:5   | Killed a fire dragon
 27148 | Lair:6   | Reached skill level 5 in Earth Magic
 29097 | Lair:8   | Entered Level 8 of the Lair of Beasts
 29179 | Lair:7   | Noticed Snorg
 29186 | Lair:7   | Killed Snorg
 29471 | Lair:7   | Gained mutation: You are agile. (Dex +2) [potion of beneficial mutation]
 30037 | Lair:8   | Noticed faibistes' ghost (powerful DEWz)
 30043 | Lair:8   | Killed faibistes' ghost
 30043 | Lair:8   | Reached skill level 10 in Invocations
 30043 | Lair:8   | Reached XP level 14. HP: 72/78 MP: 16/37
 31190 | Lair:8   | Found a staircase to the Slime Pits.
 31889 | Lair:8   | Received a gift from Sif Muna
 31890 | Lair:8   | Identified Sif Muna's Collected Works on Confrontation and Augmentations (Sif Muna gifted it to you on level 8 of the Lair of Beasts)
 31892 | Lair:8   | Reached skill level 14 in Spellcasting
 33499 | Lair:2   | Learned a level 6 spell: Deflect Missiles
 33508 | Lair:2   | Learned a level 4 spell: Summon Lightning Spire
 34110 | D:9      | Found an opulent altar of Gozag.
 34309 | D:10     | Noticed a hill giant
 34317 | D:10     | Killed a hill giant
 34447 | D:11     | Reached skill level 10 in Fire Magic
 34543 | D:11     | Found a staircase to the Orcish Mines.
 34672 | D:10     | Found Schokhlu Phiwn's Antique Weapon Emporium.
 34750 | D:10     | Noticed a hill giant
 34755 | D:10     | Killed a hill giant
 36355 | D:11     | Found a roughly hewn altar of Beogh.
 37460 | Orc:1    | Entered Level 1 of the Orcish Mines
 39004 | Orc:4    | Entered Level 4 of the Orcish Mines
 39704 | Orc:2    | Noticed an orc warlord
 39726 | Orc:2    | Killed an orc warlord
 39726 | Orc:2    | Reached skill level 10 in Dodging
 39726 | Orc:2    | Reached skill level 10 in Conjurations
 39726 | Orc:2    | Reached skill level 10 in Charms
 39726 | Orc:2    | Reached XP level 15. HP: 84/84 MP: 1/39
 39999 | Orc:2    | Received a gift from Sif Muna
 40001 | Orc:2    | Identified Sif Muna's Compendium of Attacks (Sif Muna gifted it to you on level 2 of the Orcish Mines)
 40163 | Orc:2    | Found a roughly hewn altar of Beogh.
 40353 | Orc:2    | Reached skill level 15 in Spellcasting
 41437 | Orc:3    | Found a roughly hewn altar of Beogh.
 42667 | Orc:4    | Found a staircase to the Elven Halls.
 43579 | Orc:4    | Found Wyijaur's General Store.
 43580 | Orc:4    | Found Elalet's Antique Weapon Emporium.
 43581 | Orc:4    | Found Iceff's Weapon Shop.
 43581 | Orc:4    | Found Rab Rab's Antique Armour Emporium.
 43588 | Orc:4    | Bought a potion of curing for 45 gold pieces
 43842 | Lair:2   | Learned a level 4 spell: Airstrike
 44018 | Elf:1    | Entered Level 1 of the Elven Halls
 47238 | Elf:1    | Received a gift from Sif Muna
 47623 | Elf:1    | Noticed a Shadow Fiend
 47924 | Elf:1    | Identified Sif Muna's Almanac of Ashen Battle Magic (Sif Muna gifted it to you on level 1 of the Elven Halls)
 48230 | Lair:2   | Learned a level 2 spell: Stoneskin
 48239 | Lair:2   | Learned a level 6 spell: Bolt of Fire
 49094 | Elf:2    | Identified a scroll of acquirement
 49227 | Elf:2    | Reached skill level 1 in Transmutations
 49412 | Elf:2    | Reached XP level 16. HP: 92/92 MP: 40/40
 49464 | Elf:2    | Found a runed gate.
 49464 | Elf:2    | Found a runed gate.
 49476 | Elf:2    | Found a runed gate.
 49555 | Elf:2    | Found Mnaf Sma's Book Shoppe.
 49598 | Elf:2    | Reached skill level 16 in Spellcasting
 49757 | Elf:2    | HP: 4/89 [glaive of chopping (1)]
 49757 | Elf:2    | Slain by a glaive of chopping

Action                   |  1- 3 |  4- 6 |  7- 9 | 10-12 | 13-15 | 16-18 || total
-------------------------+-------+-------+-------+-------+-------+-------++-------
Melee: Unarmed           |     1 |       |       |       |       |       ||     1
       Dagger            |       |       |    92 |    26 |    54 |       ||   172
       Quarterstaff      |       |       |       |    28 |       |       ||    28
       Staff             |       |       |       |       |     1 |       ||     1
 Cast: Magic Dart        |    55 |   151 |   504 |   331 |   385 |     3 ||  1429
       Mephitic Cloud    |     1 |     8 |    58 |    43 |     1 |       ||   111
       Conjure Flame     |     1 |     6 |    43 |    45 |    86 |       ||   181
       Repel Missiles    |       |     3 |     4 |     1 |       |       ||     8
       Blink             |       |     7 |    15 |    13 |    17 |     1 ||    53
       Call Imp          |       |     4 |     6 |       |       |       ||    10
       Iskenderun's Myst |       |       |       |    45 |    33 |       ||    78
       Iskenderun's Batt |       |       |       |    60 |   134 |     3 ||   197
       Fireball          |       |       |       |    84 |   474 |     3 ||   561
       Dazzling Spray    |       |       |       |     3 |     1 |       ||     4
       Bolt of Magma     |       |       |       |     6 |    66 |       ||    72
       Shroud of Golubri |       |       |       |     2 |     1 |       ||     3
       Haste             |       |       |       |       |    22 |       ||    22
       Summon Lightning  |       |       |       |       |    15 |       ||    15
       Deflect Missiles  |       |       |       |       |     3 |       ||     3
       Bolt of Fire      |       |       |       |       |    10 |     3 ||    13
       Airstrike         |       |       |       |       |     6 |     8 ||    14
       Stoneskin         |       |       |       |       |     1 |       ||     1
Invok: Channel Energy    |       |       |    18 |    93 |   125 |     4 ||   240
       Forget Spell      |       |       |       |       |     3 |       ||     3
  Use: Scroll            |       |       |     6 |    18 |    14 |       ||    38
       Potion            |       |       |     3 |     4 |     5 |     1 ||    13
 Stab: Sleeping          |     1 |       |       |     1 |     1 |       ||     3
       Confused          |       |       |     9 |       |       |       ||     9
  Eat: Chunk             |    11 |     8 |    25 |    64 |   105 |     1 ||   214
       Beef jerky        |       |       |       |       |     2 |       ||     2
